Map: Deathaura LE

Players

HellraiseR - Winner!

  • Race: Protoss Protoss
  • League: Grandmaster
  • Spawn Location: 5:00

goblin

  • Race: Protoss Protoss
  • League: Grandmaster
  • Spawn Location: 11:00

Event: DreamHack SC2 Masters 2020 Fall

VOD

Have the link to the VOD?

Description

Time

  • Played on: Aug. 26, 2020, 2:29 p.m.
  • Length: 9:57

All games in this series

Show
View Real Time Build Order
Export as new Build Order

HellraiseR Protoss - Winner!

Build Orders:  

Get SALT Encoding   

  12  0:00  Probe  
  13  0:12  Probe  
  14  0:18  Pylon  
  14  0:24  Probe (Chrono Boost)  
  15  0:37  Gateway  
  15  0:38  Probe (Chrono Boost)  
  16  0:43  Probe (Chrono Boost)  
  16  0:46  Assimilator  
  17  0:53  Probe (Chrono Boost)  
  17  0:55  Assimilator  
  18  1:05  Probe (Chrono Boost)  
  18  1:07  Gateway  
  19  1:13  Probe (Chrono Boost)  
  20  1:19  Probe  
  20  1:25  Cybernetics Core  
  21  1:31  Probe  
  22  1:36  Pylon  
  22  1:43  Probe  
  23  1:55  Probe  
  24  2:01  Warp Gate, Stalker x2  
  28  2:21  Probe  
  29  2:28  Pylon  
  29  2:31  Stalker  
  31  2:40  Robotics Facility  
  31  2:46  Stalker  
  31  2:49  Gateway  
  33  2:52  Probe  
  34  3:05  Shield Battery  
  34  3:07  Shield Battery  
  35  3:16  Pylon  
  35  3:25  Warp Prism (Chrono Boost)  
  34  3:33  Probe  
  35  3:51  Adept x3  
  35  3:52  Observer (Chrono Boost)  
  42  4:20  Nexus, Probe  
  43  4:29  Stalker  
  43  4:37  Probe  
  43  4:50  Probe  
  44  4:55  Twilight Council  
  44  4:57  Stalker  
  46  5:03  Pylon  
  46  5:04  Probe  
  46  5:07  Observer  
  47  5:24  Adept x2  
  47  5:25  Adept  
  53  5:29  Pylon  
  53  5:34  Probe (Chrono Boost)  
  54  5:36  Blink (Chrono Boost)  
  54  5:39  Probe (Chrono Boost)  
  55  5:47  Probe (Chrono Boost)  
  57  5:50  Probe (Chrono Boost)  
  57  5:53  Probe (Chrono Boost)  
  57  5:57  Probe (Chrono Boost)  
  58  5:58  Stalker  
  58  6:00  Observer  
  58  6:01  Probe  
  63  6:07  Stalker  
  63  6:09  Probe  
  65  6:15  Probe (Chrono Boost)  
  60  6:22  Probe (Chrono Boost)  
  61  6:26  Stalker x2  
  61  6:29  Probe (Chrono Boost)  
  61  6:31  Probe (Chrono Boost)  
  67  6:34  Probe (Chrono Boost)  
  67  6:35  Shield Battery  
  67  6:36  Probe (Chrono Boost)  
  69  6:44  Forge, Sentry  
  71  6:50  Probe  
  71  6:51  Pylon  
  70  7:09  Stalker x2  
  70  7:10  Stalker  
  70  7:11  Probe  
  70  7:15  Probe  
  72  7:16  Protoss Ground Weapons Level 1 (Chrono Boost)  
  72  7:21  Gateway  
  72  7:26  Observer, Gateway  
  72  7:30  Probe  
  72  7:32  Pylon  
  72  7:34  Pylon  
  72  7:35  Stalker x2  
  77  7:42  Pylon  
  77  7:54  Assimilator  
  77  7:57  Pylon, Stalker  
  79  7:59  Stalker  
  79  8:00  Stalker  
  83  8:06  Shield Battery  
  83  8:09  Shield Battery  
  83  8:10  Robotics Bay  
  83  8:14  Photon Cannon  
  83  8:16  Pylon  
  83  8:21  Stalker  
  83  8:22  Assimilator  
  83  8:24  Stalker  
  87  8:32  Adept x2  
  90  8:48  Stalker x3  
  96  8:53  Stalker x2  
  96  8:54  Disruptor (Chrono Boost)  
  103  9:06  Photon Cannon  
  103  9:22  Pylon  
  103  9:23  Pylon  
  106  9:43  Gateway  
Show
View Real Time Build Order
Export as new Build Order

goblin Protoss 

Build Orders: Zealot Archon, Archon Drop, Dark Templar Rush 

Get SALT Encoding   

  12  0:00  Probe  
  13  0:12  Probe  
  14  0:17  Pylon  
  14  0:24  Probe (Chrono Boost)  
  15  0:36  Probe (Chrono Boost)  
  15  0:37  Gateway  
  16  0:44  Probe (Chrono Boost)  
  16  0:45  Assimilator  
  17  0:50  Probe  
  17  0:54  Assimilator  
  18  1:03  Probe (Chrono Boost)  
  19  1:07  Gateway  
  20  1:12  Probe (Chrono Boost)  
  20  1:17  Probe (Chrono Boost)  
  20  1:25  Cybernetics Core  
  21  1:29  Probe  
  22  1:37  Pylon  
  22  1:41  Probe  
  23  2:01  Twilight Council  
  23  2:03  Adept  
  23  2:04  Adept  
  23  2:07  Warp Gate  
  27  2:21  Pylon  
  27  2:27  Robotics Facility  
  27  2:43  Dark Shrine  
  27  2:46  Probe  
  27  2:49  Adept x2  
  32  2:57  Pylon  
  32  3:05  Shield Battery  
  32  3:17  Warp Prism (Chrono Boost)  
  30  3:46  Nexus  
  30  4:02  Dark Templar x2  
  34  4:08  Archon  
  33  4:23  Shield Battery  
  28  4:38  Stalker x2  
  30  4:48  Probe  
  30  5:01  Dark Templar x2  
  30  5:02  Probe  
  30  5:03  Probe  
  36  5:07  Archon  
  36  5:15  Observer, Probe  
  36  5:17  Probe  
  39  5:27  Probe  
  39  5:28  Charge  
  40  5:29  Probe  
  40  5:32  Adept  
  43  5:47  Probe x2 (Chrono Boost)  
  44  5:50  Stalker  
  44  5:56  Probe (Chrono Boost)  
  47  5:58  Pylon  
  47  6:01  Probe (Chrono Boost)  
  47  6:02  Probe (Chrono Boost)  
  48  6:13  Stalker  
  48  6:21  Probe x2  
  50  6:27  Stalker  
  52  6:38  Pylon  
  52  6:51  Gateway  
  52  6:53  Gateway  
  52  6:55  Gateway  
  47  7:12  Probe x2 (Chrono Boost)  
  48  7:19  Sentry, Stalker  
  54  7:24  Probe x2 (Chrono Boost)  
  54  7:25  Pylon  
  54  7:29  Probe (Chrono Boost)  
  54  7:30  Probe (Chrono Boost)  
  54  7:35  Gateway  
  56  7:38  Pylon  
  56  7:45  Immortal (Chrono Boost)  
  59  7:56  Zealot x3  
  65  8:08  Dark Templar x2  
  65  8:12  Archon  
  69  8:21  Pylon  
  69  8:24  Pylon  
  69  8:36  Zealot x4  
  74  8:50  Adept, Stalker  
  78  9:02  Zealot x2  
  82  9:20  Stalker  
  82  9:21  Stalker  
  86  9:35  Zealot x4  

Tags
 
Add a new tag
Caveats
  • Supply blocks, unpowered buildings, or Contaminate may cause inaccurate times.
  • Supply counts are checked every 10 seconds.